 Dungeon Crawl Stone Soup version 0.26-a0-455-g0958c023ba (webtiles) character file.

Game seed: 16078613433071632163

52231 drasked the Bludgeoner (level 14, -2/136 HPs)
             Began as an Ogre Hunter on July 28, 2020.
             Was the Champion of Okawaru.
             Shot with an arrow by a centaur warrior (19 damage)
             ... on level 13 of the Dungeon.
             The game lasted 01:32:55 (22619 turns).

drasked the Bludgeoner (Ogre Hunter)               Turns: 22619, Time: 01:32:56

Health: -2/136     AC:  6    Str: 23    XL:     14   Next: 63%
Magic:  14/14      EV: 10    Int: 12    God:    Okawaru [******]
Gold:   3479       SH:  0    Dex:  9    Spells: 13/13 levels left

rFire    . . .     SeeInvis .   K - +4 dire flail (freeze)
rCold    + + .     Faith    .   (shield currently unavailable)
rNeg     . . .     Spirit   .   u - +2 robe {MR+} {MR+}
rPois    +         Reflect  .   p - +1 hat of Neliliamat {*Slow rElec rPois rC++}
rElec    +         Harm     .   (no cloak)
rCorr    .                      (gloves unavailable)
MR       +++..                  (boots unavailable)
Stlth    +.........             e - amulet of regeneration {+regen, !d}
HPRegen  0.72/turn              m - ring "Badaboha" {MR+ Slay+4}
MPRegen  0.14/turn              b - +4 ring of slaying

@: very slightly contaminated
A: large, unfitting armour, tough skin 1
a: Heroism, Finesse, Renounce Religion


You were on level 13 of the Dungeon.
You worshipped Okawaru.
Okawaru was exalted by your worship.
You visited 3 branches of the dungeon, and saw 20 of its levels.
You also visited: Sewer and Volcano.

You collected 3523 gold pieces.
You spent 44 gold pieces at shops.

Inventory:

Hand Weapons
 K - a +4 dire flail of freezing (weapon)
   (You took it off a wight on level 7 of the Dungeon)
Missiles
 c - 35 large rocks {!d!d}
 j - 24 poisoned darts
 z - 3 throwing nets {=f, !d=f}
 P - 11 javelins
 Q - 625 stones
 R - 10 curare-tipped darts (quivered)
 T - 3 atropa-tipped darts
Armour
 p - the +1 hat of Neliliamat (worn) {*Slow rElec rPois rC++}
   (Okawaru gifted it to you on level 6 of the Lair of Beasts)

   It greatly protects you from cold.
   It insulates you from electricity.
   It protects you from poison.
   It may slow you when you take damage.
 s - a +0 cloak
   (You took it off Maurice on level 12 of the Dungeon)
 u - a +2 robe of magic resistance (worn) {MR+}
   (You found it on level 2 of the Dungeon)
Jewellery
 b - a +4 ring of slaying (right hand)
   (You found it on level 4 of the Dungeon)
 e - an amulet of regeneration (around neck) {+regen, !d}
   (You found it on level 2 of the Dungeon)
 m - the ring "Badaboha" (left hand) {MR+ Slay+4}
   (You found it on level 6 of the Lair of Beasts)

   [ring of slaying]

   It affects your accuracy and damage with ranged weapons and melee attacks
   (+4).
   It affects your resistance to hostile enchantments.
Wands
 o - a wand of iceblast (4)
   (You found it on level 10 of the Dungeon)
 A - a wand of acid (18)
   (You found it on level 4 of the Dungeon)
 D - a wand of digging (3)
   (You found it on level 8 of the Dungeon)
 U - a wand of clouds (8)
   (You found it on level 5 of the Lair of Beasts)
Scrolls
 f - 5 scrolls of fog
 g - 2 scrolls of fear
 i - 2 scrolls of identify
 r - 5 scrolls of enchant armour
 t - 13 scrolls of teleportation
 w - 10 scrolls of remove curse
 B - 2 scrolls of blinking {!r!r}
 C - a scroll of vulnerability {!r!r!r!r}
 I - 2 scrolls of enchant weapon
 M - 6 scrolls of amnesia
 N - a scroll of immolation {!r!r}
Potions
 a - 5 potions of flight
 d - 2 potions of might
 h - 2 potions of haste
 k - 3 potions of invisibility
 l - 2 potions of heal wounds
 n - 2 potions of resistance
 q - 3 potions of brilliance
 v - 8 potions of lignification {!q!q}
 x - 5 potions of berserk rage {!q!q}
 H - 2 potions of ambrosia
 J - 3 potions of curing
 L - 3 potions of stabbing
 O - 2 potions of magic
Miscellaneous
 F - a phial of floods
   (You found it on level 6 of the Lair of Beasts)
 G - a phantom mirror


   Skills:
 + Level 8.2 Fighting
 * Level 18.0 Maces & Flails
 + Level 13.1 Throwing
 - Level 1.7 Dodging
 - Level 0.6 Stealth


You had 13 spell levels left.
You didn't know any spells.
Your spell library contained the following spells:

 Spells                   Type           Power        Failure   Level
 Animate Skeleton         Necr           #.....       32%         1
 Apportation              Tloc           #.....       32%         1
 Beastly Appendage        Tmut           #.....       32%         1
 Corona                   Hex            #......      32%         1
 Magic Dart               Conj           #...         32%         1
 Shock                    Conj/Air       #...         32%         1
 Sting                    Tmut/Pois      #...         32%         1
 Summon Small Mammal      Summ           #...         32%         1
 Blink                    Tloc           N/A          45%         2
 Call Imp                 Summ           #.......     45%         2
 Ensorcelled Hibernation  Hex/Ice        #.....       45%         2
 Poisonous Vapours        Pois/Air       #.....       45%         2
 Slow                     Hex            #.......     45%         2
 Swiftness                Air            #.......     45%         2
 Wereblood                Tmut           #.......     45%         2
 Confusing Touch          Hex            #.......     69%         3
 Conjure Flame            Conj/Fire      #.......     69%         3
 Dazzling Flash           Conj/Hex       #.....       69%         3
 Ignite Poison            Fire/Tmut/Pois #.......     69%         3
 Mephitic Cloud           Conj/Pois/Air  #.......     69%         3
 Spider Form              Tmut/Pois      #.........   69%         3
 Static Discharge         Conj/Air       #.......     69%         3
 Tukima's Dance           Hex            #.......     69%         3
 Airstrike                Air            #.........   97%         4
 Ice Form                 Ice/Tmut       #.......     97%         4
 Olgreb's Toxic Radiance  Pois           #.......     97%         4
 Blade Hands              Tmut           #.........   100%        5
 Lightning Bolt           Conj/Air       #.........   100%        5


Dungeon Overview and Level Annotations

Branches:
Dungeon (13/15)            Temple (1/1) D:6            Lair (6/6) D:9
 Shoals (0/4) Lair:3       Spider (0/4) Lair:2        Slime (0/5) Lair:6
    Orc (0/2) D:11          Sewer (visited)         Volcano (visited)
 Vaults: D:13-14

Altars:
Ashenzari
Cheibriados
Dithmenos
Elyvilon
Fedhas
Gozag
Hepliaklqana
Kikubaaqudgha
Makhleb
Nemelex Xobeh
Okawaru
Qazlal
Ru
Sif Muna
Trog
Uskayaw
Vehumet
Wu Jian
Xom
Yredelemnul
Zin
The Shining One
Beogh

Shops:
D:3 *   D:4 *   D:8 !:(}   D:10 :

Annotations:
Lair:1 2 transporters, exclusion: 2 oklob plants, night's ghost, novice FeIE


Innate Abilities, Weirdness & Mutations

You are too large for most types of armour.
You have tough skin. (AC +1)


Message History

You destroy the vampire mosquito!
Your Maces & Flails skill increases to level 18!
You puncture the vampire mosquito! You freeze the vampire mosquito.
The vampire mosquito barely misses you.
You bludgeon the vampire mosquito!! You freeze the vampire mosquito.
You destroy the vampire mosquito!
No target in view!
R - 10 curare-tipped darts (gained 1)
Things that are here:
a +0 war axe; a +0 leather armour; a vampire mosquito corpse
j - 24 poisoned darts (gained 1)
You see here a vampire mosquito corpse.
You start resting.
Found a burning altar of Makhleb.
j - 25 poisoned darts (gained 1)
j - 26 poisoned darts (gained 1)
There is a stone staircase leading up here.
A centaur comes into view.
Throwing (i - inventory. (/) - cycle)
j - 26 poisoned darts (quivered)
Aim: a centaur, quivering 25 arrows (asleep)
You throw a poisoned dart. The poisoned dart hits the centaur!
The centaur is poisoned.
The centaur shouts!
The centaur wields a +0 shortbow.
The centaur shoots an arrow.
The arrow barely misses you.
A centaur comes into view.
Throwing (i - inventory. (/) - cycle)
j - 25 poisoned darts (quivered)
Aim: a centaur, wielding a +0 shortbow and quivering 24 arrows (very poisoned)
You throw a poisoned dart.
The poisoned dart barely misses the centaur.
The centaur shouts!
You hear a shout! x2
A centaur warrior comes into view.
The centaur warrior moves out of view.
The centaur shoots an arrow.
The arrow misses you.
You see here an arrow.
The centaur shoots an arrow.
The arrow hits you.
The centaur warrior wields a +0 shortbow.
The centaur warrior shoots an arrow.
The arrow hits you!!
You see here 2 arrows.
The centaur shoots an arrow.
The arrow hits you.
The centaur shoots an arrow.
The arrow hits you.
The centaur warrior shoots an arrow.
The arrow hits you!
You see here 2 arrows. 2 centaurs come into view.
The centaur shouts! x2
The centaur wields a +0 shortbow.
The centaur shoots an arrow.
The arrow hits you but does no damage.
The centaur unwields a +0 shortbow.
The centaur hits you.
You see here 3 arrows.
You closely miss the centaur.
The centaur looks more healthy.
The centaur warrior unwields a +0 shortbow.
The centaur warrior hits you!
* * * LOW HITPOINT WARNING * * *
The centaur hits you but does no damage.
You barely miss the centaur warrior. The centaur warrior hits you.
* * * LOW HITPOINT WARNING * * *
You impale the centaur warrior!! You freeze the centaur warrior.
The centaur shoots an arrow.
The arrow closely misses you. The centaur closely misses you.
The centaur wields a +0 shortbow.
The centaur shoots an arrow.
The arrow barely misses you. The centaur warrior hits you!
* * * LOW HITPOINT WARNING * * *
The centaur unwields a +0 shortbow.
The centaur barely misses you. The centaur hits you!
* * * LOW HITPOINT WARNING * * *
The centaur unwields a +0 shortbow.
The centaur completely misses you.
You puncture the centaur warrior! You freeze the centaur warrior.
The centaur wields a +0 shortbow.
The centaur shoots an arrow.
The arrow hits you!
* * * LOW HITPOINT WARNING * * *
The centaur closely misses you. The centaur barely misses you.
The centaur warrior hits you but does no damage.
The centaur misses you.
Quiver which item? (- for none, * to show all) (? for menu, Esc to quit)
Quiver which item? (- for none, * to show all) (? for menu, Esc to quit)
Quivering
R - 10 curare-tipped darts for throwing.
Unknown command.
Unknown command.
Unknown command.
Unknown command.
Really read
B - 3 scrolls of blinking {!r!r}?
You are very lightly contaminated with residual magic.
As you read the scroll of blinking {!r!r}, it crumbles to dust.
The centaur wields a +0 shortbow.
The centaur shoots an arrow.
The arrow hits you!
* * * LOW HITPOINT WARNING * * *
The centaur wields a +0 shortbow.
The centaur shoots an arrow.
The arrow hits you!
* * * LOW HITPOINT WARNING * * *
The centaur shoots an arrow.
The arrow hits you!
* * * LOW HITPOINT WARNING * * *
The centaur wields a +0 shortbow.
The centaur shoots an arrow.
The arrow hits you.
* * * LOW HITPOINT WARNING * * *
The centaur warrior wields a +0 shortbow.
The centaur warrior shoots an arrow.
The arrow barely misses you.
The centaur shoots an arrow.
The arrow hits you.
* * * LOW HITPOINT WARNING * * *
The centaur shoots an arrow.
The arrow misses you.
The centaur warrior shoots an arrow.
The arrow hits you!!
You die...

#### #####....... .#..##
##.##)#.....### .....
#......#...##.##
.#..########.##.##.......#
..........................
.............^............
..................(....W).
.........)†.....@........(
..........†......(...._...
###......##....###........
.###.#)...cc.c## #(......#
.##...#...cc.## #....#.###
..##.###..(### #.........
.##### #.....# ##.........
## ##(....# ##.....#.#
##(#.## #cc.### #


You could see a centaur warrior, a shadow (wandering) and 4 centaurs.

Levels and vault maps discovered:
D:1:      elethiomel_arrival_infinity_welcomes_careful_drivers,
          layout_loops_corners
D:2:      layout_rooms, uniq_jessica
D:3:      layout_basic, serial_rivers, chequers_serial_rivers_room_b,
          chequers_serial_rivers_small_a, chequers_serial_rivers_marsh,
          chequers_serial_rivers_micro_b, chequers_serial_rivers_micro_d,
          nicolae_gozag_zags_fifth_avenue, uniq_natasha
D:4:      layout_basic, serial_shops, nicolae_shop_behind_doors,
          chequers_serial_rivers_micro_a
D:5:      layout_cave_pools, portal_sewer_entry_a,
          chequers_serial_rivers_micro_b, sigmund_army, uniq_sigmund
D:6:      hangedman_cross_stitches, layout_rooms, minmay_temple_entry_arrows
D:7:      layout_rooms
D:8:      layout_layer_cave, serial_shops, nicolae_shop_stone,
          nicolae_shop_crystal, shop,
          nicolae_shop_temple_entry_statues_fountains,
          kennysheep_generic_room_14
D:9:      layout_roguey, lemuel_doored_altar, grunt_lair_entry_orc_guard_hut,
          chequers_decorated_corner, item_on_display_a, uniq_psyche
D:10:     layout_roguey, serial_shops, nicolae_shop_waterfront, kennysheep_donut
D:11:     layout_rooms, david_orc_5
D:12:     layout_basic, uniq_maurice
D:13:     layout_cross, basic_altar, serial_shops, shop_statue
Temple:   regret_index_temple_sigil_plot
Lair:1:   minmay_lair_venomous_thicket, layout_cave_pods, gammafunk_ghost_hive,
          minmay_hedge_maze, st_stairs_12, minmay_lair_oklob_chamber
Lair:2:   layout_regular_city, spider_nest_entry_rubble, serial_forest,
          infiniplex_forest_straight_4, infiniplex_forest_lined_room_2,
          infiniplex_forest_clump_double, infiniplex_forest_lined_2,
          grunt_megastairs_5, serial_bayou_shore_a, infiniplex_staircase_pool,
          uniq_fannar, uniq_prince_ribbit2
Lair:3:   layout_cave_pods, minmay_shoals_entry_hut, serial_bayou_shore_b,
          lemuel_fruit_tree, uniq_gastronok
Lair:4:   layout_small_grid, uniq_urug, uniq_sonja
Lair:5:   layout_roguey, serial_bayou_pond_e, grunt_megastairs_2
Lair:6:   gammafunk_lair_ancient_temple, layout_small_grid,
          minmay_slime_entry_jelly_boxes, enter_volcano_2,
          nicolae_quartered_pool_little

Notes
Turn   | Place    | Note
-------+----------+-------------------------------------------
     0 | D:1      | drasked the Ogre Hunter began the quest for the Orb.
     0 | D:1      | Reached XP level 1. HP: 22/22 MP: 1/1
   140 | D:1      | Reached XP level 2. HP: 23/29 MP: 2/2
   402 | D:1      | Identified a +0 dagger
   579 | D:1      | Identified a +0 club
  1133 | D:2      | Reached XP level 3. HP: 34/36 MP: 3/3
  1168 | D:2      | Reached skill level 5 in Throwing
  1499 | D:2      | Identified a +0 club
  1545 | D:2      | Identified a +0 club
  1696 | D:2      | Identified a +0 hand axe
  1765 | D:2      | Identified a +0 robe
  1765 | D:2      | Noticed Jessica
  1797 | D:2      | Killed Jessica
  1797 | D:2      | Reached XP level 4. HP: 42/44 MP: 4/4
  2194 | D:3      | Identified a +0 scale mail
  2222 | D:3      | Identified a +2 dagger of speed
  2250 | D:3      | Noticed a bullfrog
  2261 | D:3      | Killed a bullfrog
  2261 | D:3      | Reached skill level 6 in Throwing
  2261 | D:3      | Reached XP level 5. HP: 41/50 MP: 5/5
  2461 | D:3      | Identified a +0 trident
  2705 | D:3      | Noticed Natasha
  2705 | D:3      | Identified a +0 mace
  2705 | D:3      | Identified a +0 scale mail
  2705 | D:3      | Identified a +2 whip of venom
  2705 | D:3      | Identified a +0 leather armour
  2705 | D:3      | Identified a +0 flail
  2761 | D:3      | Identified a +0 club
  2770 | D:2      | Killed Natasha
  2770 | D:2      | Reached skill level 7 in Throwing
  2775 | D:2      | Noticed Natasha
  2784 | D:2      | Killed Natasha
  2784 | D:2      | Reached XP level 6. HP: 32/59 MP: 6/6
  2960 | D:2      | Noticed Natasha
  2969 | D:2      | Killed Natasha
  3173 | D:3      | Identified a +0 mace
  3187 | D:3      | Identified a +3 flail
  3187 | D:3      | Identified a +0 chain mail
  3202 | D:3      | Identified a +0 whip
  3323 | D:3      | Identified a +0 club
  3324 | D:3      | Identified a +0 ring mail
  3324 | D:3      | Identified a +0 hand axe
  3324 | D:3      | Identified a +0 leather armour
  3338 | D:3      | Found an opulent altar of Gozag.
  3479 | D:3      | Found Gozag's Platinum Reserve.
  3657 | D:3      | Identified a +0 spear
  3657 | D:3      | Identified a +1 spear of distortion
  3658 | D:3      | Identified a +0 halberd
  3864 | D:3      | Identified a +0 war axe
  3864 | D:3      | Identified a +0 leather armour
  3864 | D:3      | Identified a +0 dagger
  3864 | D:3      | Identified a +0 leather armour
  4141 | D:3      | Noticed a black bear
  4145 | D:3      | Identified a +0 hand axe
  4157 | D:3      | Killed a black bear
  4157 | D:3      | Reached skill level 8 in Throwing
  4157 | D:3      | Reached XP level 7. HP: 66/66 MP: 7/7
  4377 | D:3      | Identified a +2 robe of magic resistance (You found it on
                  | level 2 of the Dungeon)
  4379 | D:3      | Identified a ring of intelligence (You found it on level 3
                  | of the Dungeon)
  4380 | D:3      | Identified a ring of stealth (You found it on level 1 of
                  | the Dungeon)
  4382 | D:3      | Identified a ring of magical power (You found it on level 3
                  | of the Dungeon)
  4388 | D:3      | Identified an uncursed amulet of regeneration (You found it
                  | on level 2 of the Dungeon)
  4388 | D:3      | Identified 3 scrolls of fog
  4395 | D:3      | Identified 2 scrolls of teleportation
  4657 | D:4      | Found Laotalis's Assorted Antiques.
  4660 | D:4      | Bought a scroll labeled JOV USIAWIUB for 22 gold pieces
  4660 | D:4      | Bought a scroll labeled LAANAJA GEDD for 22 gold pieces
  4682 | D:4      | Identified a +0 hand axe
  4682 | D:4      | Identified a +0 leather armour
  4707 | D:4      | Identified a +0 giant club
  4793 | D:4      | Identified a +0 trident
  4793 | D:4      | Identified a cursed +0 chain mail
  4793 | D:4      | Identified a cursed -1 hand axe
  4793 | D:4      | Identified a +0 dagger
  4793 | D:4      | Identified a +0 robe
  5099 | D:4      | Identified a ring of slaying (You found it on level 4 of
                  | the Dungeon)
  5145 | D:4      | Identified 6 scrolls of identify
  5145 | D:4      | Identified 3 potions of invisibility
  5146 | D:4      | Identified 2 potions of flight
  5147 | D:4      | Identified a potion of mutation
  5148 | D:4      | Identified a potion of might
  5149 | D:4      | Identified a potion of lignification
  5245 | D:4      | Identified an amulet of inaccuracy (You found it on level 4
                  | of the Dungeon)
  5267 | D:5      | Entered Level 5 of the Dungeon
  5267 | D:5      | Identified a +0 flail
  5267 | D:5      | Identified a +0 leather armour
  5269 | D:5      | Identified a +0 short sword
  5269 | D:5      | Identified a +0 leather armour
  5271 | D:5      | Identified a +0 dagger
  5271 | D:5      | Identified a +0 robe
  5273 | D:5      | Identified a +0 flail
  5278 | D:5      | Reached skill level 1 in Maces & Flails
  5366 | D:5      | Identified a +0 scythe of holy wrath
  5366 | D:5      | Identified a +0 robe
  5366 | D:5      | Noticed Sigmund
  5384 | D:5      | Killed Sigmund
  5384 | D:5      | Reached skill level 3 in Maces & Flails
  5384 | D:5      | Reached XP level 8. HP: 65/74 MP: 8/8
  5427 | D:5      | Found a glowing drain.
  5455 | Sewer    | Entered a sewer
  5457 | Sewer    | Identified a +0 dagger
  5459 | Sewer    | Identified a cursed -3 club
  5513 | Sewer    | Identified a +0 whip
  5638 | Sewer    | Identified a +0 club
  6126 | D:5      | Reached skill level 4 in Maces & Flails
  6164 | D:5      | Identified a +0 shortbow
  6556 | D:5      | Identified a +0 scythe
  6556 | D:5      | Identified a +0 robe
  6556 | D:5      | Identified a +0 scythe
  6556 | D:5      | Identified a +0 robe
  6556 | D:5      | Identified a +0 scythe
  6556 | D:5      | Identified a +0 robe
  6556 | D:5      | Identified a +0 scythe
  6556 | D:5      | Identified a +0 robe
  6698 | D:6      | Reached skill level 5 in Maces & Flails
  6759 | D:6      | Identified a +0 giant club
  6763 | D:6      | Identified a +0 shortbow
  6789 | D:6      | Reached skill level 6 in Maces & Flails
  6865 | D:6      | Identified a +0 hand axe
  6875 | D:6      | Identified a +0 dagger
  6875 | D:6      | Identified a +0 ring mail
  6969 | D:6      | Identified a +0 dagger
  6974 | D:6      | Identified a +0 club
  6977 | D:6      | Identified a +0 short sword
  6995 | D:6      | Identified a +0 dagger
  7003 | D:6      | Identified a +0 trident
  7004 | D:6      | Identified a +0 club
  7005 | D:6      | Identified a +0 short sword
  7010 | D:6      | Identified a +0 club
  7095 | D:6      | Found a staircase to the Ecumenical Temple.
  7097 | D:6      | Noticed a hippogriff
  7116 | D:6      | Killed a hippogriff
  7116 | D:6      | Reached skill level 7 in Maces & Flails
  7116 | D:6      | Reached XP level 9. HP: 69/80 MP: 9/9
  7132 | Temple   | Entered the Ecumenical Temple
  7226 | Temple   | Became a worshipper of Warmaster Okawaru
  7544 | D:6      | Identified a +0 robe of positive energy (You found it on
                  | level 6 of the Dungeon)
  7558 | D:6      | Identified an amulet of reflection (You found it on level 5
                  | of the Dungeon)
  7577 | D:6      | Identified 2 potions of heal wounds
  7651 | D:7      | Reached skill level 8 in Maces & Flails
  7730 | D:7      | Identified a +0 flail
  7808 | D:7      | Identified a +0 hand axe
  7808 | D:7      | Identified a +0 ring mail
  7810 | D:7      | Identified a +0 dagger
  7810 | D:7      | Identified a +0 robe
  7823 | D:7      | Reached * piety under Okawaru
  7823 | D:7      | Reached skill level 9 in Maces & Flails
  8252 | D:7      | Identified a +0 dagger
  8252 | D:7      | Identified a +0 robe
  8254 | D:7      | Identified a +0 leather armour
  8254 | D:7      | Identified a +0 club
  8254 | D:7      | Identified a +0 leather armour
  8415 | D:7      | Identified a +0 flail
  8415 | D:7      | Identified a +0 robe
  8416 | D:7      | Identified a +0 short sword
  8416 | D:7      | Identified a +0 robe
  8421 | D:7      | Identified a +0 dire flail
  8421 | D:7      | Identified a +0 robe
  8423 | D:7      | Identified a +3 dire flail of freezing
  8423 | D:7      | Identified a +0 robe
  8516 | D:8      | Found Ocok's Distillery.
  8518 | D:8      | Identified a +0 short sword
  8518 | D:8      | Identified a +0 leather armour
  8518 | D:8      | Identified a +0 club
  8519 | D:8      | Identified a +0 dagger
  8519 | D:8      | Identified a cursed +0 robe
  8520 | D:8      | Identified a +0 hand axe
  8527 | D:8      | Identified a +0 falchion
  8528 | D:8      | Identified a +0 shortbow
  8530 | D:8      | Reached skill level 9 in Throwing
  8540 | D:8      | Reached skill level 10 in Maces & Flails
  8640 | D:8      | Reached XP level 10. HP: 88/88 MP: 10/10
  8652 | D:8      | Reached ** piety under Okawaru
  8719 | D:8      | Found Piudepamay's Weapon Shoppe.
  8792 | D:8      | Found Casedom's Book Shop.
  8817 | D:8      | Identified a +0 war axe
  8821 | D:8      | Identified a +0 mace of holy wrath
  9079 | D:8      | Found Doakhlom's Gadget Shoppe.
  9107 | D:9      | Identified 3 scrolls of remove curse
  9108 | D:9      | Identified 2 scrolls of blinking
  9110 | D:9      | Identified 2 scrolls of noise
  9154 | D:9      | Identified a +0 club
  9255 | D:9      | Identified +0 steam dragon scales
  9261 | D:9      | Identified a ring of fire (You found it on level 9 of the
                  | Dungeon)
  9266 | D:9      | Identified 2 potions of resistance
  9267 | D:9      | Identified a potion of ambrosia
  9268 | D:9      | Identified a potion of brilliance
  9269 | D:9      | Identified a potion of magic
  9273 | D:9      | Identified 2 scrolls of enchant armour
  9308 | D:9      | Identified a +0 shortbow
  9309 | D:9      | Identified a +0 club
  9309 | D:9      | Identified a +0 ring mail
  9314 | D:9      | Identified a +0 battleaxe
  9314 | D:9      | Identified a +0 chain mail
  9314 | D:9      | Identified a +0 mace
  9314 | D:9      | Identified a +0 ring mail
  9318 | D:9      | Identified a +0 short sword
  9318 | D:9      | Identified a +0 ring mail
  9319 | D:9      | Identified a +0 dagger
  9389 | D:9      | Identified a +4 dagger of distortion
  9389 | D:9      | Identified a +0 robe
  9389 | D:9      | Noticed Psyche
  9405 | D:9      | Killed Psyche
  9405 | D:9      | Reached skill level 10 in Throwing
  9473 | D:9      | Found a sparkling altar of Nemelex Xobeh.
  9613 | D:9      | Reached *** piety under Okawaru
  9724 | D:9      | Found a staircase to the Lair.
  9724 | D:9      | Identified a +0 war axe
  9724 | D:9      | Identified a +0 chain mail
  9828 | D:9      | Identified a +0 dagger
  9828 | D:9      | Identified a +0 robe
  9828 | D:9      | Identified a +0 mace
  9828 | D:9      | Identified a +0 chain mail
  9828 | D:9      | Identified a +0 dagger
  9828 | D:9      | Identified a +0 robe
  9828 | D:9      | Identified a +0 hand axe
  9828 | D:9      | Identified a +0 mace
  9828 | D:9      | Identified a +0 leather armour
  9923 | D:9      | Reached skill level 11 in Maces & Flails
  9974 | D:9      | Identified a cursed -3 club
 10204 | D:9      | Identified an amulet of magic regeneration (You found it on
                  | level 9 of the Dungeon)
 10208 | D:9      | Identified a ring of evasion (You found it on level 9 of
                  | the Dungeon)
 10246 | D:10     | Entered Level 10 of the Dungeon
 10373 | D:10     | Found Petaozug's Book Shoppe.
 10395 | D:10     | Identified a +0 long sword
 10395 | D:10     | Identified a +0 robe
 10395 | D:10     | Identified a +0 flail
 10395 | D:10     | Identified a +0 robe
 10395 | D:10     | Identified a +0 flail
 10395 | D:10     | Identified a +0 robe
 10395 | D:10     | Identified a cursed +3 long sword of freezing
 10395 | D:10     | Identified a +0 robe
 10439 | D:10     | Reached **** piety under Okawaru
 10528 | D:10     | Identified a +0 whip
 10529 | D:10     | Identified a +0 whip
 10530 | D:10     | Identified a +0 dagger
 10530 | D:10     | Identified a +0 leather armour
 10530 | D:10     | Identified a +0 shortbow
 10532 | D:10     | Identified a +0 flail
 10588 | D:10     | You fall into a shaft and drop 1 floor!
 10611 | D:11     | Noticed a cyclops
 10614 | D:11     | Killed a cyclops
 10749 | D:10     | Reached skill level 11 in Throwing
 10780 | D:10     | Reached XP level 11. HP: 96/96 MP: 11/11
 11131 | Lair:1   | Entered Level 1 of the Lair of Beasts
 11235 | Lair:1   | Noticed an oklob plant
 11235 | Lair:1   | Noticed an oklob plant
 11250 | Lair:1   | HP: 22/96 [black mamba (10)]
 11253 | Lair:1   | Found a transporter.
 11254 | Lair:1   | Noticed night's ghost (novice FeIE)
 11380 | Lair:1   | Found a transporter.
 11447 | Lair:1   | Reached ***** piety under Okawaru
 11504 | Lair:1   | Reached skill level 12 in Maces & Flails
 11520 | Lair:1   | Noticed a seven-headed hydra
 11525 | Lair:1   | Killed a seven-headed hydra
 11525 | Lair:1   | Received a gift from Okawaru
 11676 | Lair:1   | Paralysed by a hornet for 1 turns
 11681 | Lair:1   | Reached skill level 12 in Throwing
 12057 | Lair:1   | Received a gift from Okawaru
 12976 | Lair:2   | Reached skill level 13 in Maces & Flails
 13081 | Lair:2   | Found a hole to the Spider Nest.
 13132 | Lair:2   | Received a gift from Okawaru
 13166 | Lair:2   | HP: 21/96 [wolf (7)]
 13172 | Lair:2   | Reached XP level 12. HP: 26/104 MP: 12/12
 13467 | Lair:2   | Identified a +0 hat (Okawaru gifted it to you on level 2 of
                  | the Lair of Beasts)
 13472 | Lair:2   | Identified a scarf of harm (You found it on level 2 of the
                  | Lair of Beasts)
 13597 | Lair:2   | Identified a +0 quarterstaff of freezing
 13597 | Lair:2   | Identified a +2 robe of cold resistance
 13597 | Lair:2   | Identified an uncursed ring of ice
 13597 | Lair:2   | Noticed Fannar
 13625 | Lair:2   | Noticed Prince Ribbit
 13680 | Lair:1   | Identified a potion of haste
 13681 | Lair:1   | Identified 2 potions of berserk rage
 13682 | Lair:1   | Identified 2 potions of stabbing
 14163 | Lair:2   | Killed Fannar
 14163 | Lair:2   | Reached skill level 14 in Maces & Flails
 14314 | Lair:2   | Killed Prince Ribbit
 14931 | Lair:3   | Identified a +1 hat
 14931 | Lair:3   | Noticed Gastronok
 15022 | Lair:3   | Killed Gastronok
 15022 | Lair:3   | Reached skill level 15 in Maces & Flails
 15273 | Lair:3   | Noticed a seven-headed hydra
 15277 | Lair:3   | Killed a seven-headed hydra
 15277 | Lair:3   | Received a gift from Okawaru
 15427 | Lair:3   | Found a staircase to the Shoals.
 16131 | Lair:4   | Found the +6 Majin-Bo {vamp, Archmagi MP+6 Int+6}
 16164 | Lair:4   | Received a gift from Okawaru
 16164 | Lair:4   | Reached XP level 13. HP: 110/110 MP: 13/13
 16459 | Lair:4   | Received a gift from Okawaru
 16459 | Lair:4   | Reached skill level 16 in Maces & Flails
 16633 | Lair:4   | Identified a +0 short sword of distortion
 16633 | Lair:4   | Noticed Sonja
 16659 | Lair:4   | Killed Sonja
 16851 | Lair:4   | Identified a +6 double sword
 16851 | Lair:4   | Identified a +0 scale mail
 16851 | Lair:4   | Noticed Urug
 16872 | Lair:4   | Killed Urug
 16872 | Lair:4   | Received a gift from Okawaru
 16873 | Lair:4   | Found the +2 cloak of the Thief {+Fog Slay-2 SInv Stlth+}
 16880 | Lair:4   | Identified a scarf of invisibility (You found it on level 4
                  | of the Lair of Beasts)
 16880 | Lair:4   | drasked: ?? +fog
 16880 | Lair:4   | beem: cloak of the thief[1/1]: the +2 cloak of the Thief
                  | {+Fog Slay-2 SInv Stlth+}. The fog costs 2MP and is as
                  | difficult as berserk rage to evoke successfully.
 16880 | Lair:4   | meem: cloak of the thief[1/1]: the +2 cloak of the Thief
                  | {+Fog Slay-2 SInv Stlth+}. The fog costs 2MP and is as
                  | difficult as berserk rage to evoke successfully.
 18362 | Lair:5   | Identified a ring of attention (You found it on level 5 of
                  | the Lair of Beasts)
 18364 | Lair:5   | Identified 2 scrolls of magic mapping
 18365 | Lair:5   | Identified 2 scrolls of enchant weapon
 18368 | Lair:5   | Identified a scroll of fear
 18370 | Lair:5   | Identified a scroll of immolation
 18371 | Lair:5   | Identified a scroll of random uselessness
 18398 | Lair:6   | Entered Level 6 of the Lair of Beasts
 18479 | Lair:6   | Reached skill level 3 in Fighting
 18702 | Lair:6   | Found a dark tunnel.
 18716 | Volcano  | Entered a volcano
 18759 | Volcano  | Noticed a stone giant
 18767 | Volcano  | Killed a stone giant
 18767 | Volcano  | Reached skill level 4 in Fighting
 18878 | Volcano  | Identified a +0 scimitar of flaming
 18884 | Volcano  | Reached skill level 17 in Maces & Flails
 19260 | Lair:6   | Received a gift from Okawaru
 19260 | Lair:6   | Reached skill level 5 in Fighting
 19328 | Lair:6   | Received a gift from Okawaru
 19331 | Lair:6   | Reached ****** piety under Okawaru
 19542 | Lair:6   | Received a gift from Okawaru
 19543 | Lair:6   | Got a fading hat {god gift}
 19554 | Lair:6   | Identified the +1 hat of Neliliamat {*Slow rElec rPois
                  | rC++} (Okawaru gifted it to you on level 6 of the Lair of
                  | Beasts)
 19554 | Lair:6   | drasked: ?? *slow
 19554 | Lair:6   | beem: *slow[1/2]: Randart property that has 1% chance to
                  | {slow}you for 10-14 turns whenever you take damage while
                  | worn. Ignores damage over time from poison. Replacement for
                  | *Confuse.
 19554 | Lair:6   | meem: *slow[1/2]: Randart property that has 1% chance to
                  | {slow}you for 10-14 turns whenever you take damage while
                  | worn. Ignores damage over time from poison. Replacement for
                  | *Confuse.
 19574 | Lair:6   | Found the +8 longbow "Zephyr" {speed, Dex+3 SInv}
 19636 | Lair:6   | Reached XP level 14. HP: 128/128 MP: 14/14
 19673 | Lair:6   | Reached skill level 6 in Fighting
 19794 | Lair:6   | Found a staircase to the Slime Pits.
 19952 | Lair:6   | Got a heavily runed bronze ring
 20067 | Lair:6   | Identified the ring "Badaboha" {MR+ Slay+4} (You found it
                  | on level 6 of the Lair of Beasts)
 20074 | Lair:6   | Identified a scroll of acquirement
 20075 | Lair:6   | Acquired 1780 gold pieces
 20601 | D:10     | Reached skill level 7 in Fighting
 20725 | D:11     | Identified a +0 giant club
 20727 | D:11     | Identified a +0 giant club
 20727 | D:11     | Identified a +0 giant club
 20729 | D:11     | Identified a +0 mace
 20729 | D:11     | Identified a +0 chain mail
 20740 | D:11     | Identified a +0 dagger
 20740 | D:11     | Identified a +0 robe
 20800 | D:11     | Found a roughly hewn altar of Beogh.
 20800 | D:11     | Found a staircase to the Orcish Mines.
 20800 | D:11     | Identified a +0 club
 20800 | D:11     | Identified a +0 short sword
 20800 | D:11     | Identified a +0 hand axe
 20800 | D:11     | Identified a +0 war axe
 20800 | D:11     | Identified a +2 flail of holy wrath
 20800 | D:11     | Identified a +0 ring mail
 20800 | D:11     | Identified a +0 war axe
 20800 | D:11     | Identified a +0 morningstar
 20801 | D:11     | Identified a +0 hand axe
 20806 | D:11     | Identified a +0 club
 20806 | D:11     | Identified a +0 leather armour
 20817 | D:11     | Identified a +0 club
 20820 | D:11     | Identified a +0 flail
 20821 | D:11     | Identified a +0 flail
 20821 | D:11     | Identified a cursed -1 leather armour
 20822 | D:11     | Identified a +0 mace
 20822 | D:11     | Identified a +0 ring mail
 20824 | D:11     | Identified a +0 short sword
 20824 | D:11     | Identified a +0 glaive
 20824 | D:11     | Identified a +0 plate armour
 20827 | D:11     | Identified a +0 hand axe
 20828 | D:11     | Identified a +0 flail
 20833 | D:11     | Identified a +0 trident
 20852 | D:11     | Identified a +0 whip
 20933 | D:11     | Identified a cursed -2 club
 20933 | D:11     | Identified a +0 ring mail
 20934 | D:11     | Identified a cursed +0 mace
 20935 | D:11     | Identified a +0 glaive
 20935 | D:11     | Identified a +0 plate armour
 21017 | D:11     | Identified a +0 flail
 21111 | D:11     | Identified a +0 trident
 21112 | D:11     | Identified a +0 war axe
 21112 | D:11     | Identified a +0 ring mail
 21114 | D:11     | Identified a +0 mace
 21182 | D:11     | Identified a +0 long sword
 21182 | D:11     | Identified a +0 plate armour
 21182 | D:11     | Identified a +0 mace
 21182 | D:11     | Identified a +0 dagger
 21182 | D:11     | Identified a +0 robe
 21185 | D:11     | Identified a +0 dagger
 21272 | D:11     | Identified a +0 giant spiked club
 21531 | D:12     | Identified a +0 club
 21531 | D:12     | Identified a +0 leather armour
 21531 | D:12     | Identified a +0 halberd
 21531 | D:12     | Identified a +0 chain mail
 21533 | D:12     | Identified a +0 great mace of draining
 21533 | D:12     | Identified a +0 giant club
 21537 | D:12     | Identified a +0 dagger
 21537 | D:12     | Identified a +0 robe
 21588 | D:12     | Identified a +0 rapier
 21588 | D:12     | Identified a +0 leather armour
 21610 | D:12     | Reached skill level 13 in Throwing
 21717 | D:12     | Identified a +0 dagger
 21718 | D:12     | Identified a +0 dagger
 21729 | D:12     | Identified a +0 dire flail
 21729 | D:12     | Identified a +0 giant spiked club
 21734 | D:12     | Identified a +0 short sword
 21752 | D:12     | Identified +0 acid dragon scales
 21766 | D:12     | Identified a +1 dagger of electrocution
 21890 | D:12     | Identified a +0 short sword
 21890 | D:12     | Identified a +0 cloak
 21890 | D:12     | Noticed Maurice
 21895 | D:12     | Killed Maurice
 21895 | D:12     | Received a gift from Okawaru
 21895 | D:12     | Reached skill level 8 in Fighting
 21900 | D:12     | Got an ancient triple crossbow {god gift}
 21901 | D:12     | Identified the +5 triple crossbow "Nitonoh" {elec, Dex+3}
                  | (Okawaru gifted it to you on level 12 of the Dungeon)
 22106 | D:12     | Identified a +0 giant club
 22106 | D:12     | Identified a +0 giant club
 22147 | D:12     | Identified a +0 club
 22411 | D:13     | Identified a +0 giant club
 22413 | D:13     | Identified a +0 mace
 22522 | D:13     | Identified a +0 war axe
 22522 | D:13     | Identified a +0 leather armour
 22522 | D:13     | Identified a +0 war axe
 22522 | D:13     | Identified a +0 robe
 22522 | D:13     | Identified a +1 war axe of electrocution
 22522 | D:13     | Identified a +0 robe
 22558 | D:13     | Reached skill level 18 in Maces & Flails
 22589 | D:13     | Found a burning altar of Makhleb.
 22595 | D:13     | Identified a +0 shortbow
 22596 | D:13     | Identified a +0 shortbow
 22598 | D:13     | Identified a +0 shortbow
 22612 | D:13     | Identified a +0 shortbow
 22612 | D:13     | Identified a +0 shortbow
 22618 | D:13     | HP: 33/136 [centaur/arrow[a centaur warrior] (7)]
 22619 | D:13     | Shot with an arrow by a centaur warrior

Table legend: (Time is in decaauts)
 A = Elapsed time spent in this place.
 B = Non-inter-level travel time spent in this place.
 C = Inter-level travel time spent in this place.
 D = Time resting spent in this place.
 E = Time spent auto-exploring this place.
 F = Levels seen in this place.
 G = Mean time per level.
                   A        B        C        D        E       F      G
               +--------+--------+--------+--------+--------+-----+--------+
         Total |  22326 |  21140 |   1186 |   4004 |  11529 |  22 | 1014.8 |
       Dungeon |  12133 |  11655 |    478 |   2370 |   6456 |  13 |  933.3 |
        Temple |    111 |     95 |     16 |      0 |     61 |   1 |  111.0 |
          Lair |   9005 |   8313 |    692 |   1571 |   4451 |   6 | 1500.8 |
         Sewer |    828 |    828 |      0 |      0 |    526 |   1 |  828.0 |
       Volcano |    247 |    247 |      0 |     63 |     34 |   1 |  247.0 |
               +--------+--------+--------+--------+--------+-----+--------+

Top non-repeatable levels by time:
     D:3: 2115 daAuts
  Lair:1: 1951 daAuts
  Lair:6: 1685 daAuts
  Lair:2: 1595 daAuts
  Lair:4: 1456 daAuts
  Lair:3: 1346 daAuts
     D:2: 1210 daAuts
     D:9: 1113 daAuts
     D:1: 1091 daAuts
  Lair:5: 969 daAuts
    D:12: 959 daAuts
    D:10: 957 daAuts
     D:6: 859 daAuts
   Sewer: 828 daAuts
     D:4: 804 daAuts

Table legend:
 A = Kills in this place as a percentage of kills in entire the game.
 B = Kills by you in this place as a percentage of kills by you in the entire game.
 C = Kills by friends in this place as a percentage of kills by friends in the entire game.
 D = Other kills in this place as a percentage of other kills in the entire game.
 E = Experience gained in this place as a percentage of experience gained in the entire game.
 F = Experience gained in this place divided by the number of levels of this place that you have seen.
                   A       B       C       D       E      F
               +-------+-------+-------+-------+-------+----------------------
         Total | 100.0 | 100.0 |   N/A | 100.0 | 100.0 | 3391.7
       Dungeon |  61.9 |  61.9 |   N/A | 100.0 |  29.9 | 1713.5
          Lair |  33.8 |  33.8 |   N/A |   0.0 |  67.1 | 8348.2
         Sewer |   3.1 |   3.1 |   N/A |   0.0 |   0.1 |  51.0
       Volcano |   1.2 |   1.2 |   N/A |   0.0 |   2.9 | 2201.0
               +-------+-------+-------+-------+-------+----------------------

Skill      XL: |  1  2  3  4  5  6  7  8  9 10 11 12 13 14 |
---------------+-------------------------------------------+-----
Throwing       | 5 6 7 8 9 11 12 13 | 13.1
Maces & Flails | 3 7 10 11 13 15 17 18 | 18.0
Fighting       | 5 8 |  8.2
Dodging        | |  1.7
Stealth        | |  0.6

Action                   |  1- 3 |  4- 6 |  7- 9 | 10-12 | 13-15 || total
-------------------------+-------+-------+-------+-------+-------++-------
Melee: Short sword       |    56 |       |       |       |       ||    56
       Club              |     4 |    54 |       |       |       ||    58
       Whip              |       |    30 |   194 |   175 |       ||   399
       Unarmed           |       |     4 |       |       |       ||     4
       Dire flail        |       |       |       |   238 |   266 ||   504
Throw: Stone             |    26 |       |     3 |       |       ||    29
       Dart              |    52 |   154 |   217 |   201 |   179 ||   803
       Large rock        |       |       |     6 |    42 |    50 ||    98
       Boomerang         |       |       |    77 |   154 |    58 ||   289
       Javelin           |       |       |       |    27 |   185 ||   212
 Abil: Evoke Fog         |       |       |       |       |     1 ||     1
Evoke: Wand              |       |       |       |     1 |       ||     1
  Use: Scroll            |       |       |    11 |    12 |    11 ||    34
       Potion            |       |       |       |     1 |       ||     1
 Stab: Sleeping          |       |       |     1 |     1 |       ||     2
Armor: Robe              |    14 |    24 |    36 |    46 |    38 ||   158
Dodge: Dodged            |    31 |    70 |   101 |   143 |    98 ||   443

Vanquished Creatures
  Gastronok (Lair:3)
  A stone giant (Volcano)
  Fannar (Lair:2)
  A merfolk avatar (Lair:6)
  3 hydras
  4 two-headed ogres
  Urug (Lair:4)
  Sonja (Lair:4)
  A sea snake (Lair:6)
  An unseen horror (D:12)
  A deep elf mage (D:12)
  An ugly thing (D:11)
  2 cyclopes
  Maurice (D:12)
  12 elephants
  5 black mambas
  Psyche (D:9)
  A torpor snail (Lair:5)
  13 cane toads
  A gargoyle (D:13)
  9 rime drakes
  An efreet (Volcano)
  7 komodo dragons
  2 meliai (D:13)
  2 polar bears (Lair:6)
  2 hornets
  Prince Ribbit (Lair:2)
  16 blink frogs
  6 dream sheep
  A snapping turtle (Lair:3)
  7 hippogriffs
  Sigmund (D:5)
  A tarantella (Lair:2)
  2 wraiths
  13 yaks
  3 wyverns
  3 basilisks
  3 fire elementals (Volcano)
  A steam dragon (D:9)
  6 vampire mosquitoes
  An acid dragon (D:12)
  17 water moccasins
  13 porcupines
  7 orc warriors
  A sky beast (D:7)
  9 black bears
  3 phantoms
  2 ice beasts
  5 ogres
  14 wolves
  An eye of draining (D:9)
  5 centaurs
  16 crocodiles
  2 big kobolds
  22 bullfrogs
  2 earth elementals (Volcano)
  3 wyvern skeletons
  A scorpion (D:10)
  A water moccasin skeleton (D:8)
  15 killer bees
  8 wights
  2 electric eels
  2 howler monkeys
  2 bullfrog zombies
  A quasit (D:10)
  16 jellies
  10 orc priests
  4 hounds
  4 centaur skeletons
  2 bullfrog skeletons
  Jessica (D:2)
  An iguana (D:7)
  6 worker ants
  Natasha (thrice) (D:2)
  10 orc wizards
  A hound zombie (D:6)
  3 hound skeletons
  A worker ant zombie (D:11)
  4 gnolls
  A howler monkey skeleton (D:9)
  23 adders
  A river rat (D:5)
  4 shadow imps
  A white imp (D:6)
  5 ufetubi
  5 oozes
  3 adder skeletons
  4 worms
  2 dart slugs
  7 leopard geckos
  77 orcs
  3 ball pythons
  6 bats
  7 giant cockroaches
  4 goblins
  7 hobgoblins
  24 jackals
  8 quokkas
  7 frilled lizards
  A jackal zombie (D:9)
  18 kobolds
  A leopard gecko skeleton (D:3)
  5 rats
  A plant (Lair:1)
586 creatures vanquished.

Vanquished Creatures (others)
  A shadow imp (D:9)
  23 fungi
  19 plants
43 creatures vanquished.

Grand Total: 629 creatures vanquished
